 Dungeon Crawl Stone Soup version 0.29-a0-838-g385bb11a5b (webtiles) character file.

Game seed: 17452254259240119049

2963 zishaf the Magician (level 10, -5/73 HPs)
             Began as a Djinni Venom Mage on July 13, 2022.
             Was a Believer of Dithmenos.
             Slain by a tengu warrior
             ... wielding a +4 great sword of electrocution
              (13 damage)
             ... on level 8 of the Dungeon.
             The game lasted 00:15:49 (9054 turns).

zishaf the Magician (Djinni Venom Mage)             Turns: 9054, Time: 00:15:50

Health: -5/73      AC:  9    Str:  7    XL:     10   Next: 8%
Gold:   400        EV: 10    Int: 27    God:    Dithmenos [**....] SH:  6 Dex: 14

rFire   + + .      SeeInvis .   b - +3 falchion (holy)
rCold   x . .      Faith    .   r - +1 buckler {AC+3}
rNeg    . . .      Spirit   .   x - +0 acid dragon scales
rPois   ∞          Reflect  .   y - +0 hat
rElec   .          Harm     .   (no cloak)
rCorr   +          Rampage  .   (no gloves)
Will    ++...                   (boots unavailable)
Stlth   ++........              (no amulet)
HPRegen 0.22/turn               A - +6 ring of intelligence
MPRegen 0.00/turn               n - ring of willpower

@: flying, slowed, wreathed by umbra, studying Spellcasting, very slow
A: sickness immunity, fire resistance 2, cold vulnerability 1, float, innate
caster, HP casting, extra vitality 1
a: Renounce Religion, Shadow Step


You were on level 8 of the Dungeon.
You worshipped Dithmenos.
Dithmenos was pleased with you.
You visited 1 branch of the dungeon, and saw 8 of its levels.

You collected 400 gold pieces.

Inventory:

Hand Weapons
 a - the +8 trident of the Octopus King {venom, rElec rPois}
   (You found it on level 3 of the Dungeon)

   It poisons the flesh of those it strikes.
   rElec:     It insulates you from electricity.
   rPois:     It protects you from poison.
 b - a +3 falchion of holy wrath (weapon)
Armour
 r - a +1 buckler of protection (worn)
 s - a +2 robe of willpower
 x - +0 acid dragon scales (worn)
 y - a +0 hat (worn)
Jewellery
 l - a +6 ring of strength
 n - a ring of willpower (right hand)
 v - a ring of positive energy
 A - a +6 ring of intelligence (left hand)
Wands
 o - a wand of flame (30)
 q - a wand of charming (9)
 t - a wand of iceblast (25)
 w - a wand of mindburst (19)
 B - a wand of polymorph (15)
Scrolls
 c - 2 scrolls of vulnerability
 f - 2 scrolls of enchant armour
 i - 3 scrolls of teleportation
Potions
 d - a potion of ambrosia
 e - a potion of berserk rage
 g - a potion of curing {unknown}
 h - a potion of heal wounds
 j - a potion of invisibility
 k - 6 potions of might
 m - 2 potions of mutation
 p - a potion of attraction {unknown}
 u - 2 potions of brilliance
 z - a potion of resistance {unknown}


   Skills:
 + Level 6.7 Fighting
 - Level 2.1 Dodging
 - Level 1.5 Stealth
 - Level 6.0 Shields
 + Level 7.9 Spellcasting
 - Level 5.0 Evocations


You had 4 spell levels left.
You knew the following spells:

 Your Spells              Type           Power      Damage    Failure   Level
a - Sting                 Tmut/Pois      100%       1d8       1%          1
b - Ensorcelled Hibernat  Hex/Ice        100%       N/A       1%          2
c - Magic Dart            Conj           100%       1d8       1%          1
e - Poisonous Vapours     Pois/Air       100%       N/A       1%          2
z - Mephitic Cloud        Conj/Pois/Air  52%        N/A       1%          3
A - Olgreb's Toxic Radia  Pois           52%        N/A       4%          4
B - Animate Armour        Summ/Erth      100%       N/A       4%          4
C - Confusing Touch       Hex            52%        N/A       1%          3
Your spell library was empty.

Dungeon Overview and Level Annotations

Branches:
Dungeon (8/15)             Temple (0/1) D:6
   Lair: D:8-11

Altars:
Dithmenos
Hepliaklqana
Xom
Yredelemnul
Zin


Innate Abilities, Weirdness & Mutations

You are immune to sickness and miasma.
You are immune to poison.
Your flesh is very heat resistant. (rF++)
You are vulnerable to cold. (rC-)
You float through the air rather than walking.
You learn spells naturally, not from books.
Your magical power is your life essence.
You have superior vitality. (+4 MHP)


Message History

A troll, a centaur warrior and a tengu warrior come into view.
The tengu warrior is wielding a +4 great sword of electrocution.
Found a scroll labelled PIZUUPREDUA.
The troll shouts!
The tengu warrior shouts!
The wraith barely misses you.
The centaur warrior moves out of view.
You hear a shout!
You closely miss the wraith. The wraith hits you.
The wraith drains your vigour!
You feel yourself slow down.
You closely miss the wraith.
The centaur warrior wields a +0 longbow.
The centaur warrior shoots an arrow.
The arrow hits you! You block the wraith's attack. The wraith hits you.
The wraith drains your vigour!
You feel as though you will be slow longer.
The tengu warrior hits you with a +4 great sword of electrocution!
You block the tengu warrior's attack. The tengu warrior barely misses you.
The wraith misses you.
The tengu warrior attacks as you move away!
The tengu warrior hits you with a +4 great sword of electrocution!
The tengu warrior pecks you but does no damage.
The tengu warrior claws you but does no damage.
The tengu warrior hits you with a +4 great sword of electrocution.
* * * LOW HITPOINT WARNING * * *
The tengu warrior pecks you.
* * * LOW HITPOINT WARNING * * *
The tengu warrior claws you.
* * * LOW HITPOINT WARNING * * *
Okay, then.
Casting: Mephitic Cloud (safe; 1% risk of failure)
Confirm with . or Enter, or press ? or * to list all spells.
Okay, then.
Casting: Mephitic Cloud (safe; 1% risk of failure)
Confirm with . or Enter, or press ? or * to list all spells.
Aiming: Ensorcelled Hibernation (safe; 1% risk of failure)
Press: ? - help, Shift-Dir - straight line, f - tengu warrior
Aim: a tengu warrior, wielding a +4 great sword of electrocution and wearing a +0 ring mail (umbra, chance to affect: 54%)
The tengu warrior resists with some effort.
* * * LOW HITPOINT WARNING * * *
The tengu warrior hits you with a +4 great sword of electrocution!
You die...

#.......# #.........#
#.......### #.........#
#..)......###.........#
#......>..............'
#.......#.###.........#
#.......#.# #.........#
#.......#.# ###.#######
#.......#.#####........
#########..cQ@.########
###W##).############.
#.#.##..............
#.. T.####...#######.#
#?.. ...###...## . ##..
..##......#######. ...
..(#.....)..))))). ##..
..##......######## ##.
.##........#


You could see a tengu warrior, a centaur warrior and a wraith.

Vanquished Creatures
  Maggie (D:6)
  2 wyverns
  An acid dragon (D:8)
  A sky beast (D:7)
  2 ice beasts
  An orc warrior (D:8)
  2 black bears (D:7)
  An ogre (D:5)
  2 kobold brigands
  A phantom (D:5)
  4 bullfrogs
  3 scorpions (D:6)
  A gnoll sergeant (D:7)
  A necrophage (D:6)
  2 jellies
  A hound (D:6)
  2 orc priests (D:6)
  4 iguanas
  A gnoll bouda (D:8)
  3 orc wizards (D:5)
  Natasha (thrice) (D:2)
  7 gnolls
  4 adders
  A shadow imp (D:5)
  2 white imps
  An ufetubus (D:5)
  6 worms
  4 dart slugs
  13 orcs
  7 ball pythons
  10 endoplasms
  5 giant cockroaches
  7 hobgoblins
  5 jackals
  16 kobolds
  A quokka (D:3)
  8 bats
  3 frilled lizards
  7 goblins
  10 rats
156 creatures vanquished.

Vanquished Creatures (collateral kills)
  A nameless horror (D:6)
  A water moccasin (D:6)
  An ogre (D:6)
3 creatures vanquished.

Vanquished Creatures (others)
  An angel (D:5)
1 creature vanquished.

Grand Total: 160 creatures vanquished

Notes
Turn   | Place    | Note
-------+----------+-------------------------------------------
     0 | D:1      | zishaf the Djinni Venom Mage began the quest for the Orb.
     0 | D:1      | zishaf set off with the following spells memorised: Sting,
                  | Poisonous Vapours, Mephitic Cloud, Olgreb's Toxic Radiance.
     0 | D:1      | Reached XP level 1. HP: 15/15 MP: 0/0
    92 | D:1      | Reached XP level 2. HP: 9/22 MP: 0/0
   436 | D:1      | Reached skill level 1 in Fighting
   735 | D:1      | Reached XP level 3. HP: 15/27 MP: 0/0
   735 | D:1      | Learned a level 1 spell: Magic Dart
   738 | D:1      | Reached skill level 3 in Spellcasting
   912 | D:1      | Found a faded altar of an unknown god.
  1417 | D:2      | Reached XP level 4. HP: 19/32 MP: 0/0
  1667 | D:2      | Noticed Natasha
  1677 | D:2      | Killed Natasha
  1705 | D:2      | Noticed Natasha
  1722 | D:2      | Killed Natasha
  1723 | D:2      | Reached XP level 5. HP: 7/38 MP: 0/0
  1723 | D:2      | Learned a level 2 spell: Ensorcelled Hibernation
  2490 | D:2      | Noticed Natasha
  2503 | D:2      | Killed Natasha
  2504 | D:2      | Reached skill level 4 in Spellcasting
  3142 | D:3      | Found a basalt altar of Yredelemnul.
  3465 | D:3      | Found a shadowy altar of Dithmenos.
  3475 | D:3      | Became a worshipper of Dithmenos the Shadowed
  3549 | D:3      | Reached XP level 6. HP: 41/45 MP: 0/0
  3863 | D:3      | Found the +8 trident of the Octopus King {venom, rElec
                  | rPois}
  4809 | D:5      | Entered Level 5 of the Dungeon
  4845 | D:5      | Noticed an ogre
  4859 | D:5      | Killed an ogre
  4860 | D:5      | Reached skill level 1 in Shields
  4860 | D:5      | Reached skill level 1 in Evocations
  5006 | D:5      | Reached XP level 7. HP: 49/50 MP: 0/0
  5006 | D:5      | Learned a level 3 spell: Confusing Touch
  5073 | D:5      | Noticed a wyvern
  5256 | D:5      | Killed a wyvern
  5257 | D:5      | Reached skill level 5 in Spellcasting
  5300 | D:5      | Identified a scroll of acquirement
  5300 | D:5      | Acquired a manual of Spellcasting
  5300 | D:5      | Killed an angel
  5476 | D:5      | Reached XP level 8. HP: 21/58 MP: 0/0
  5675 | D:5      | Found a glowing silver altar of Zin.
  5681 | D:5      | Found a shimmering altar of Xom.
  5751 | D:6      | Reached * piety under Dithmenos
  5808 | D:6      | Found a staircase to the Ecumenical Temple.
  6274 | D:6      | Noticed Maggie
  6286 | D:6      | Killed Maggie
  6287 | D:6      | Reached skill level 5 in Fighting
  6287 | D:6      | Reached skill level 6 in Spellcasting
  6287 | D:6      | Reached XP level 9. HP: 31/65 MP: 0/0
  6287 | D:6      | Learned a level 4 spell: Animate Armour
  6655 | D:6      | Noticed a nameless horror
  6659 | D:6      | Killed a nameless horror
  7671 | D:7      | Reached skill level 7 in Spellcasting
  7707 | D:7      | Reached skill level 5 in Evocations
  7790 | D:7      | Reached skill level 5 in Shields
  7909 | D:7      | Reached ** piety under Dithmenos
  8163 | D:7      | Found a hazy altar of Hepliaklqana.
  8707 | D:8      | Reached XP level 10. HP: 63/73 MP: 0/0
  9033 | D:8      | Identified the +10 quarterstaff of Prudence {speed, Int+6}
  9049 | D:8      | Noticed a centaur warrior
  9049 | D:8      | Noticed a tengu warrior
  9054 | D:8      | Slain by a tengu warrior

Illustrated notes

Levels and vault maps discovered:
D:1:      dpeg_arrival_simpleton_c, layout_rooms,
          hellmonk_ecumenical_altar_pennies_from_heaven,
          minmay_misc_feat_enclosed, minmay_surrounded
D:2:      layout_basic, uniq_natasha
D:3:      layout_basic, mainiacjoe_overflow_boulevard,
          nicolae_dithmenos_shadow_blocks
D:4:      layout_rooms
D:5:      layout_rooms, grunt_temple_overflow_order_and_chaos_1,
          columned_hall_lemuel
D:6:      layout_basic, mainiacjoe_overflow_chevrons,
          minmay_temple_entry_slanted, uniq_maggie
D:7:      layout_basic, mainiacjoe_overflow_two_lobes
D:8:      minmay_bloctagon_deflated, layout_basic, uniq_psyche

Skill      XL: |  1  2  3  4  5  6  7  8  9 10 |
---------------+-------------------------------+-----
Fighting       | 1 2 3 5 6 |  6.7
Spellcasting   | 3 4 5 6 7 |  7.9
Shields        | 1 2 3 5 6 |  6.0
Evocations     | 1 2 4 5 |  5.0
Dodging        | |  2.1
Stealth        | |  1.5

Action                   |  1- 3 |  4- 6 |  7- 9 | 10-12 || total
-------------------------+-------+-------+-------+-------++-------
Melee: Dagger            |     2 |     3 |       |       ||     5
       Short sword       |       |    23 |       |       ||    23
       Trident           |       |    39 |   192 |    19 ||   250
       Falchion          |       |       |    13 |     2 ||    15
 Cast: Sting             |    64 |    66 |       |       ||   130
       Poisonous Vapours |       |    20 |       |       ||    20
       Mephitic Cloud    |       |     3 |     8 |     1 ||    12
       Animate Armour    |       |       |     3 |       ||     3
       Ensorcelled Hiber |       |       |       |     1 ||     1
  Use: Scroll            |       |     9 |     8 |       ||    17
 Stab: Sleeping          |     1 |     1 |     4 |       ||     6
       Confused          |       |     1 |     6 |       ||     7
       Distracted        |       |       |       |     1 ||     1
Armor: Robe              |     6 |    16 |    27 |       ||    49
       Acid dragon scale |       |       |    24 |     6 ||    30
Dodge: Dodged            |    23 |    50 |    99 |    11 ||   183
Block: Buckler           |       |    12 |    54 |     5 ||    71

Table legend: (Time is in decaauts)
 A = Elapsed time spent in this place.
 B = Non-inter-level travel time spent in this place.
 C = Inter-level travel time spent in this place.
 D = Time resting spent in this place.
 E = Time spent auto-exploring this place.
 F = Levels seen in this place.
 G = Mean time per level.
                   A        B        C        D        E       F      G
               +--------+--------+--------+--------+--------+-----+--------+
         Total |   9163 |   8917 |    246 |    748 |   6823 |   8 | 1145.4 |
       Dungeon |   9163 |   8917 |    246 |    748 |   6823 |   8 | 1145.4 |
               +--------+--------+--------+--------+--------+-----+--------+

Top non-repeatable levels by time:
     D:2: 1879 daAuts
     D:6: 1836 daAuts
     D:1: 1267 daAuts
     D:3: 1097 daAuts
     D:7: 984 daAuts
     D:5: 937 daAuts
     D:4: 595 daAuts
     D:8: 564 daAuts
